Map: Iron Fortress LE (Void)

Players

INU

  • Race: Zerg Zerg

GimliTerran (iaguz) - Winner!

  • Race: Terran Terran

VOD

Have the link to the VOD?

Description

Time

  • Played on: April 28, 2015, 8:55 p.m.
  • Length: 11:40
Show
View Real Time Build Order
Export as new Build Order

INU Zerg 

Build Orders: Hatch First 

Get SALT Encoding   

  12  0:01  Drone  
  13  0:10  Drone  
  14  0:17  Overlord  
  14  0:36  Drone x3  
  17  0:50  Drone  
  17  0:56  Hatchery  
  17  1:02  Drone  
  18  1:06  Extractor  
  17  1:15  Drone, Spawning Pool  
  17  1:22  Drone  
  18  1:35  Overlord  
  18  2:02  Zergling x4  
  18  2:04  Queen  
  22  2:09  Queen  
  22  2:10  Metabolic Boost, Overlord  
  24  2:23  Extractor  
  24  2:27  Drone  
  24  2:28  Drone  
  26  2:42  Queen  
  28  2:46  Drone  
  28  2:48  Hatchery  
  28  2:57  Drone x2  
  30  2:58  Drone  
  30  3:01  Overlord  
  30  3:08  Zergling x2  
  30  3:09  Zergling x4  
  32  3:14  Zergling x4  
  32  3:15  Zergling x2  
  34  3:24  Queen  
  34  3:27  Zergling x2  
  29  3:41  Drone x3  
  30  3:48  Drone  
  30  3:49  Drone x2  
  30  3:53  Drone x2  
  35  3:56  Drone  
  35  4:02  Drone  
  37  4:04  Drone  
  37  4:05  Drone  
  38  4:11  Zergling x10  
  42  4:21  Roach Warren  
  42  4:22  Queen  
  43  4:33  Overlord  
  43  4:35  Zergling x6  
  43  4:36  Zergling x2  
  47  4:39  Zergling x4  
  47  4:44  Overlord  
  49  4:48  Zergling x6  
  49  5:08  Roach x2  
  49  5:11  Roach x2  
  49  5:13  Zergling x10  
  49  5:14  Zergling x4  
  53  5:24  Roach x2, Zergling x4  
  53  5:25  Zergling x2  
  54  5:28  Zergling x2  
  47  5:45  Drone  
  47  5:46  Drone x3, Queen  
  50  5:50  Drone x2  
  52  6:01  Roach x3  
  58  6:10  Zergling x4  
  60  6:13  Zergling x2  
  60  6:14  Zergling x6  
  64  6:28  Drone x2, Queen  
  66  6:34  Drone  
  66  6:35  Drone x2  
  68  6:54  Drone  
  68  6:57  Drone  
  68  6:58  Drone  
  68  6:59  Drone  
  71  7:10  Drone x2  
  71  7:11  Drone  
  71  7:12  Lair  
  71  7:13  Overlord x2  
  74  7:19  Extractor  
  72  7:29  Ravager x2  
  71  7:32  Zergling x10  
  71  7:33  Drone x2, Zergling x10  
  71  7:35  Drone  
  71  7:36  Drone, Extractor x2  
  83  7:37  Drone, Extractor  
  83  7:38  Drone x2  
  83  7:39  Extractor  
  82  7:51  Zergling x20  
  80  7:52  Zergling x2  
  80  7:55  Overlord x2  
  85  8:11  Roach x2  
  89  8:15  Overlord x2  
  89  8:18  Glial Reconstitution  
  89  8:21  Drone  
  89  8:29  Ravager  
  89  8:31  Ravager x2  
  89  8:32  Ravager  
  89  8:33  Drone  
  89  8:34  Drone x2, Ravager  
  96  8:35  Drone x2  
  96  8:36  Drone  
  96  8:40  Drone x3  
  103  8:42  Drone x3  
  103  8:43  Overlord x2  
  106  8:54  Roach x2  
  95  9:08  Roach  
  95  9:09  Roach x7  
  93  9:19  Roach x3  
  93  9:20  Drone x2  
  93  9:23  Roach  
  93  9:24  Roach  
  105  9:28  Evolution Chamber  
  105  9:29  Evolution Chamber  
  105  9:31  Roach  
  105  9:38  Roach  
  106  9:42  Roach x2  
  106  9:44  Roach  
  106  9:45  Roach x3  
  113  9:52  Hydralisk Den  
  112  9:53  Pneumatized Carapace  
  112  10:01  Roach x2  
  112  10:03  Roach x3  
  112  10:04  Drone x3  
  125  10:18  Overlord x2, Roach  
  125  10:19  Overlord x3  
  127  10:22  Drone x2  
  127  10:23  Drone  
  124  10:48  Hydralisk x3  
  124  10:49  Hydralisk x2  
  134  10:56  Roach x2  
  142  10:57  Roach x2  
  142  11:02  Hatchery  
  133  11:16  Roach x3  
  133  11:17  Roach x3  
Show
View Real Time Build Order
Export as new Build Order

GimliTerran Terran - Winner!

Build Orders:  

Get SALT Encoding   

  12  0:00  SCV  
  13  0:12  SCV  
  14  0:17  Supply Depot  
  14  0:25  SCV  
  15  0:39  SCV  
  15  0:41  Barracks  
  16  0:43  Refinery  
  16  0:51  SCV  
  17  1:01  Barracks  
  17  1:03  SCV  
  18  1:15  SCV  
  19  1:27  Orbital Command  
  19  1:28  Refinery  
  19  1:29  Reaper  
  20  1:40  Barracks  
  20  1:50  Reaper  
  20  1:53  Supply Depot  
  21  1:56  SCV  
  22  2:01  Reaper  
  23  2:15  SCV  
  24  2:16  Barracks  
  24  2:25  Reaper  
  24  2:27  SCV  
  24  2:29  Reaper  
  27  2:42  SCV  
  29  2:44  Reaper  
  29  2:49  Supply Depot, Barracks  
  29  2:58  Reaper  
  30  3:01  Reaper, Barracks  
  31  3:11  SCV  
  32  3:24  Reaper  
  33  3:27  Reaper  
  34  3:39  Reaper  
  30  3:42  Reaper  
  30  3:46  Reaper  
  30  3:48  SCV, Reaper  
  33  3:54  Supply Depot  
  34  3:57  Reaper  
  34  3:58  Command Center  
  34  4:00  SCV  
  35  4:03  Reaper  
  36  4:12  SCV, Reaper  
  38  4:18  Supply Depot  
  38  4:19  Reaper  
  39  4:25  SCV  
  39  4:27  Reaper  
  41  4:37  Reaper  
  41  4:38  Command Center  
  42  4:44  SCV  
  43  4:47  Reaper  
  44  4:58  Reaper  
  45  5:11  Reaper  
  45  5:13  Reaper  
  46  5:25  Reaper  
  46  5:26  Marine x2  
  46  5:27  SCV  
  49  5:30  Marine  
  46  5:43  Reaper  
  46  5:48  Reaper, Marine  
  46  5:49  Marine  
  49  5:52  Barracks  
  49  5:55  Orbital Command  
  49  5:56  SCV  
  50  6:01  Reaper x2, Refinery  
  52  6:05  Refinery  
  52  6:07  Orbital Command  
  52  6:08  SCV  
  52  6:09  Reaper  
  54  6:17  Barracks  
  54  6:20  SCV, Barracks  
  55  6:31  Reaper x2  
  58  6:32  SCV  
  58  6:37  Reaper  
  58  6:39  SCV x2  
  61  6:44  Reaper  
  61  6:45  SCV  
  61  6:46  Supply Depot x2  
  63  6:47  Bunker  
  60  7:01  Reaper x2  
  60  7:03  Reaper  
  60  7:04  Reaper x2  
  58  7:09  Marine  
  58  7:10  Reaper  
  55  7:16  Marine  
  55  7:26  Marine  
  56  7:32  SCV x3, Marine  
  56  7:33  Marine  
  56  7:34  Marine  
  62  7:38  Reaper x3  
  62  7:42  Reaper  
  62  7:43  Supply Depot  
  66  7:44  SCV x3, Supply Depot  
  68  7:57  Reaper  
  68  7:58  Reaper x2, Marine  
  70  8:10  Reaper x2, Marine  
  71  8:14  SCV x2, Reaper  
  71  8:16  Reaper  
  71  8:17  Orbital Command  
  75  8:24  Barracks  
  75  8:25  Barracks  
  75  8:26  SCV x2, Barracks  
  77  8:29  Reaper x2  
  77  8:30  Reaper  
  77  8:32  Engineering Bay  
  80  8:37  Reaper  
  80  8:38  SCV x2  
  83  8:42  SCV, Reaper  
  83  8:43  Reaper  
  86  8:49  Bunker  
  86  8:50  SCV  
  84  9:02  Reaper x2  
  80  9:05  Reaper x2  
  80  9:09  Reaper x2  
  80  9:15  SCV x3, Reaper  
  82  9:18  Terran Infantry Weapons Level 1, Refinery  
  82  9:19  Refinery  
  82  9:24  Bunker  
  82  9:28  SCV x3  
  82  9:29  Reaper x2  
  87  9:37  Reaper x2  
  88  9:40  SCV x2  
  88  9:45  Reaper x2  
  91  9:50  Reaper  
  92  10:01  Reaper x3  
  92  10:02  Reaper  
  92  10:03  Supply Depot  
  95  10:15  Reaper x4  
  95  10:18  Command Center  
  99  10:24  Reaper x2, Barracks x2  
  99  10:25  Reaper, Barracks  
  102  10:31  Command Center  
  100  10:40  Reaper x2  
  100  10:42  Command Center  
  100  10:43  Reaper x2  
  100  10:47  Reaper x2  
  100  10:48  Reaper  
  103  10:52  Marine  
  103  10:56  Marine x2  
  106  10:57  Marine  
  106  11:10  Marine  
  106  11:12  Marine x2  
  112  11:31  Factory  
Tags
 
Add a new tag
Caveats
  • Supply blocks, unpowered buildings, or Contaminate may cause inaccurate times.
  • Supply counts are checked every 10 seconds.